 Dungeon Crawl Stone Soup version 0.29-a0-541-gaf1fc19f1b (webtiles) character file.

Game seed: 9102308657446049950

39 Zeld the Bolt Thrower (level 3, -3/30 HPs)
             Began as a Meteoran Hunter on June 3, 2022.
             Slain by Terence
             ... wielding a +5 flail of venom
              (8 damage)
             ... on level 3 of the Dungeon.
             The game lasted 00:00:38 (599 turns).

Zeld the Bolt Thrower (Meteoran Hunter)              Turns: 599, Time: 00:00:38

Health: -3/30      AC:  3    Str: 14    XL:     3   Next: 97%
Magic:  4/4        EV: 12    Int: 11    God:
Gold:   25         SH:  0    Dex: 17    Spells: 2/2 levels left

rFire   . . .      SeeInvis .   a - +1 hand crossbow
rCold   . . .      Faith    .   (no shield)
rNeg    . . .      Spirit   .   b - +0 leather armour
rPois   .          Reflect  .   (no helmet)
rElec   .          Harm     .   (no cloak)
rCorr   .          Rampage  .   (no gloves)
Will    .....                   (no boots)
Stlth   +.........              (no amulet)
HPRegen 0.10/turn               (no ring)
MPRegen 0.09/turn               (no ring)

@: lethally poisoned (-3 -> -17), glowing
A: sense surroundings 1, otherworldly, glowing, explore regen
a: no special abilities


You were on level 3 of the Dungeon.
You visited 1 branch of the dungeon, and saw 3 of its levels.

You collected 25 gold pieces.

Inventory:

Hand Weapons
 a - a +1 hand crossbow (weapon)
Armour
 b - a +0 leather armour (worn)
Jewellery
 h - a +4 ring of protection
Scrolls
 c - a scroll of immolation
 f - a scroll of identify {unknown}
 g - a scroll of blinking {unknown}
Potions
 d - a potion of berserk rage {unknown}
 e - a potion of mutation {unknown}


   Skills:
 * Level 2.9 Fighting
 * Level 4.8 Crossbows
 + Level 2.9 Dodging
 + Level 1.2 Stealth


You had 2 spell levels left.
You didn't know any spells.
Your spell library was empty.

Dungeon Overview and Level Annotations

Branches:
Dungeon (3/15)

Altars:

Annotations:
D:3 Terence


Innate Abilities, Weirdness & Mutations

You passively map a small area around you.
You are easily found by Zot.
You glow in the dark.
You regain HP and MP as you explore.


Message History

The kobold is heavily wounded.
You shoot a bolt. The bolt hits the kobold.
You kill the kobold!
Terence the Incautious comes into view.
He is wielding a +5 flail of venom.
Terence screams, "I want your blood!"
You shoot a bolt. The bolt barely misses Terence.
Terence is nearby!
You shoot a bolt. The bolt hits Terence!
Terence is heavily wounded.
Terence is nearby!
You shoot a bolt. The bolt hits Terence!
Terence is almost dead.
Terence is nearby!
You shoot a bolt.
The bolt hits Terence but does no damage.
Terence is almost dead.
Terence is nearby!
You shoot a bolt.
The bolt hits Terence but does no damage.
Terence is almost dead.
Terence misses you.
You shoot a bolt. The bolt closely misses Terence.
Terence hits you with a +5 flail of venom.
You are poisoned.
Terence hits you with a +5 flail of venom.
You are lethally poisoned!
You shoot a bolt. The bolt hits Terence.
Terence is almost dead.
You feel extremely sick. Terence barely misses you.
You are too injured to fight recklessly!
You are too injured to fight recklessly!
* * * LOW HITPOINT WARNING * * *
You feel very sick.
* * * LOW HITPOINT WARNING * * *
You feel very sick.
You see here a bat corpse.
Terence attacks as you move away!
Terence hits you with a +5 flail of venom!
You die...

.....<..# ,
........# * ,,
......... ,,,
,........#* , ,
......).# > , , *
..!.....# * * *
........## *.* *
#...### .##
###@@.## ..#
###..##### #.#
##.....# #.#
#####.###.# #*
#..##.#
...####.##<# ,
,........##.#####
*
...............#
,
...#######.###...


You could see Terence.

Vanquished Creatures
  Robin (D:2)
  11 goblins
  2 hobgoblins
  2 kobolds
  A quokka (D:3)
  A ball python (D:2)
  4 bats
  3 frilled lizards
  A rat (D:1)
26 creatures vanquished.

Vanquished Creatures (others)
  2 withered plants (D:1)
2 creatures vanquished.

Grand Total: 28 creatures vanquished

Notes
Turn   | Place    | Note
-------+----------+-------------------------------------------
     0 | D:1      | Zeld the Meteoran Hunter began the quest for the Orb.
     0 | D:1      | Reached XP level 1. HP: 17/17 MP: 2/2
    37 | D:1      | Reached XP level 2. HP: 19/25 MP: 3/3
   464 | D:2      | Reached skill level 1 in Stealth
   470 | D:2      | Reached XP level 3. HP: 30/30 MP: 4/4
   478 | D:2      | Noticed Robin
   488 | D:2      | Killed Robin
   589 | D:3      | Noticed Terence
   599 | D:3      | Slain by Terence

Illustrated notes

Levels and vault maps discovered:
D:1:      evilmike_arrival_crescent, layout_basic, shapermc_ecumenical_altar_gd,
          hangedman_abyss_or_decor_stabs, minmay_surrounded
D:2:      layout_basic, minmay_statues_item, uniq_jessica, uniq_robin
D:3:      layout_rooms, minmay_fractal_squares_diagonal_5, uniq_terence

Skill      XL: |  1  2 |
---------------+-------+-----
Stealth        | 1 |  1.2
Fighting       | |  2.9
Crossbows      | |  4.8
Dodging        | |  2.9

Action                   || total
-------------------------++-------
 Fire: Hand crossbow     ||    74
Armor: Leather armour    ||    27
Dodge: Dodged            ||    39

Table legend: (Time is in decaauts)
 A = Elapsed time spent in this place.
 B = Non-inter-level travel time spent in this place.
 C = Inter-level travel time spent in this place.
 D = Time resting spent in this place.
 E = Time spent auto-exploring this place.
 F = Levels seen in this place.
 G = Mean time per level.
                   A        B        C        D        E       F      G
               +--------+--------+--------+--------+--------+-----+--------+
         Total |    622 |    587 |     35 |      0 |    442 |   3 |  207.3 |
       Dungeon |    622 |    587 |     35 |      0 |    442 |   3 |  207.3 |
               +--------+--------+--------+--------+--------+-----+--------+

Top non-repeatable levels by time:
     D:2: 384 daAuts
     D:1: 148 daAuts
     D:3: 89 daAuts
